 Dungeon Crawl Stone Soup version 0.30.1-9-gdf580d7c3d (webtiles) character file.

Game seed: 4986344558377155573

34 Zalbag the Magician (level 3, -3/25 HPs)
             Began as a Djinni Fire Elementalist on Oct 25, 2023.
             Slain by a goblin
             ... wielding a +0 club
             ... led by Robin
              (5 damage)
             ... on level 2 of the Dungeon.
             The game lasted 00:02:29 (579 turns).

Zalbag the Magician (Djinni Fire Elementalist)       Turns: 579, Time: 00:02:30

Health: -3/25      AC:  3    Str:  7    XL:     3   Next: 50%
Gold:   81         EV: 12    Int: 18    God:
                   SH:  0    Dex: 13

rFire   + + .        d - +0 short sword
rCold   x . .        (no shield)
rNeg    . . .        a - +0 robe
rPois   ∞            i - +0 helmet
rElec   .            (no cloak)
rCorr   .            (no gloves)
SInv    .            (boots unavailable)
Will    .....        (no amulet)
Stlth   ++           (no ring)
HPRegen 0.24/turn    (no ring)
MPRegen 0.00/turn

%: infuse magic (-4 HP)
@: flying
A: sickness immunity, fire resistance 2, cold vulnerability 1, float, innate
caster, HP casting, extra vitality 1
a: no special abilities


You were on level 2 of the Dungeon.
You visited 1 branch of the dungeon, and saw 2 of its levels.

You collected 81 gold pieces.

Inventory:

Hand Weapons
 d - a +0 short sword (weapon)
Armour
 a - a +0 robe (worn)
 h - an orb of guile
 i - a +0 helmet (worn)
Scrolls
 b - 2 scrolls of enchant armour {unknown}
 c - a scroll of identify {unknown}
 f - a scroll of amnesia {unknown}
 j - a scroll of magic mapping {unknown}
 k - a scroll of poison {unknown}
Potions
 e - a potion of cancellation {unknown}
 g - a potion of flight {unknown}


   Skills:
 - Level 2.1 Dodging
 - Level 1.5 Stealth
 * Level 3.4 Spellcasting


You knew the following spells:

 Your Spells              Type           Power      Damage    Failure   Level
a - Foxfire               Conj/Fire      60%        2x1d7     3%          1
b - Scorch                Fire           30%        2d6       6%          2
c - Volatile Blastmotes   Fire/Tloc      30%        2d12      12%         3
d - Inner Flame           Hex/Fire       15%        N/A       12%         3
e - Flame Wave            Conj/Fire      15%        2d7       36%         4
f - Beastly Appendage     Tmut           30%        N/A       3%          1
Your spell library was empty.

Dungeon Overview and Level Annotations

Branches:
Dungeon (2/15)

Altars:

Annotations:
D:2 Robin


Innate Abilities, Weirdness & Mutations

You are immune to sickness and miasma.
You are immune to poison.
Your flesh is very heat resistant. (rF++)
You are vulnerable to cold. (rC-)
You float through the air rather than walking.
You learn spells naturally, not from books.
Your magical power is your life essence.
You have superior vitality. (+4 MHP)


Message History

Flames lash the goblin.
You kill the goblin!
Unknown command.
Casting: Scorch (safe; 6% risk of failure)
Confirm with . or Enter, or press ? or * to list all spells.
Flames lash Robin.
Robin is heavily wounded.
Robin's fire resistance burns away.
Robin throws the goblin at you! The goblin hits you but does no damage.
Unknown command.
Casting: Scorch (safe; 6% risk of failure)
Confirm with . or Enter, or press ? or * to list all spells.
Flames lash Robin.
Robin is heavily wounded.
You hear an angry hiss.
You hear a shout!
The goblin hits you with a +0 dagger.
Robin hits you with a +1 antimagic spear.
* * * LOW HITPOINT WARNING * * *
Unknown command.
Casting: Scorch (safe; 6% risk of failure)
Confirm with . or Enter, or press ? or * to list all spells.
Flames lash Robin.
Robin is burned terribly!
Robin is almost dead.
* * * LOW HITPOINT WARNING * * *
Robin roars a battlecry!
The goblins go into a battle-frenzy!
The goblin closely misses you.
You hear an angry hiss.
Okay, then.
Casting: Scorch (safe; 6% risk of failure)
Confirm with . or Enter, or press ? or * to list all spells.
Flames lash the goblin.
You kill the goblin!
* * * LOW HITPOINT WARNING * * *
Robin throws the goblin at you! The goblin misses you.
The goblin closely misses you. Robin attacks as you move away!
Robin barely misses you. Robin throws the goblin at you!
The goblin closely misses you. The goblin hits you with a +0 club.
You die...

##.....#######
##g##.# ###.....##
....... .........###
g......
####...#...##
.g....#
#........######g.>#
#...###..##..).g#
#...# ##....#g#####
#######......)g...##
##.......@g....#
#.......g.......#
#...............#
#...............#
#...............#
#...............#
##.............##
##.....#.....##
######


You could see Robin (combustible) and 3 goblins.

Vanquished Creatures
  A dart slug (D:1)
  2 endoplasms (D:1)
  4 goblins (D:2)
  2 hobgoblins (D:1)
  2 quokkas (D:1)
  5 ball pythons
  6 bats (D:1)
  A frilled lizard (D:1)
  3 kobolds (D:1)
  3 rats (D:1)
29 creatures vanquished.

Vanquished Creatures (others)
  59 foxfires
59 creatures vanquished.

Grand Total: 88 creatures vanquished

Notes
Turn   | Place    | Note
-------+----------+-------------------------------------------
     0 | D:1      | Zalbag the Djinni Fire Elementalist began the quest for the
                  | Orb.
     0 | D:1      | Zalbag set off with the following spells memorised:
                  | Foxfire, Scorch, Volatile Blastmotes, Inner Flame, Flame
                  | Wave.
     0 | D:1      | Reached XP level 1. HP: 15/15 MP: 0/0
    53 | D:1      | Reached XP level 2. HP: 20/21 MP: 0/0
   162 | D:1      | Reached skill level 3 in Spellcasting
   341 | D:1      | Reached XP level 3. HP: 24/25 MP: 0/0
   341 | D:1      | Learned a level 1 spell: Beastly Appendage
   566 | D:2      | Noticed Robin
   579 | D:2      | Slain by a goblin

Illustrated notes

Levels and vault maps discovered:
D:1:      lightli_arrival_statue_moat, layout_rooms
D:2:      layout_rooms, uniq_robin, uniq_jessica

Skill      XL: |  1  2 |
---------------+-------+-----
Spellcasting   | 3 |  3.4
Dodging        | |  2.1
Stealth        | |  1.5

Action                     || total
---------------------------++-------
  Melee: Short sword       ||     9
         Headbutt          ||     1
   Cast: Foxfire           ||    35
         Scorch            ||     7
         Beastly Appendage ||     1
   Stab: Sleeping          ||     1
 Armour: Robe              ||     9
  Dodge: Dodged            ||    32
